 Dungeon Crawl Stone Soup version 0.28.0 (webtiles) character file.

Game seed: 12963795563072408560

2051 theElss the Skirmisher (level 9, -2/57 HPs)
             Began as a Gargoyle Berserker on Feb 17, 2022.
             Was a Priest of Trog.
             Killed by divine providence
             ... invoked by an orc priest
              (13 damage)
             ... on level 7 of the Dungeon.
             The game lasted 00:13:55 (6614 turns).

theElss the Skirmisher (Gargoyle Berserker)         Turns: 6614, Time: 00:13:56

Health: -2/57      AC: 18    Str: 22    XL:     9   Next: 25%
Magic:  9/9        EV: 12    Int:  9    God:    Trog [***...]
Gold:   425        SH:  3    Dex: 11    Spells: 8/8 levels left

rFire   . . .      SeeInvis .   a - +0 mace
rCold   + . .      Faith    .   x - +0 buckler
rNeg    + . .      Spirit   .   m - +2 ring mail {rC+}
rPois   ∞          Reflect  .   b - +0 helmet
rElec   +          Harm     .   n - +0 cloak
rCorr   .          Rampage  .   (no gloves)
Will    .....                   t - +0 pair of boots
Stlth   +.........              (no amulet)
HPRegen 0.19/turn               (no ring)
MPRegen 0.11/turn               (no ring)

@: on berserk cooldown, slowed, very slow
A: sickness immunity, AC +6, negative energy resistance 1, electricity
resistance, torment resistance 1, petrification resistance
a: Renounce Religion, Berserk, Trog's Hand


You were on level 7 of the Dungeon.
You worshipped Trog.
Trog was most pleased with you.
You visited 1 branch of the dungeon, and saw 7 of its levels.

You collected 425 gold pieces.

Inventory:

Hand Weapons
 a - a +0 mace (weapon)
Armour
 b - a +0 helmet (worn)
 m - a +2 ring mail of cold resistance (worn)
 n - a +0 cloak (worn)
 t - a +0 pair of boots (worn)
 x - a +0 buckler (worn)
Jewellery
 h - a ring of magical power
Wands
 d - a wand of paralysis (7)
 s - a wand of flame (20)
 u - a wand of iceblast (6)
 y - a wand of digging (2)
Scrolls
 g - a scroll of teleportation {unknown}
 j - 2 scrolls of magic mapping {unknown}
 k - a scroll of enchant armour {unknown}
 p - a scroll of holy word {unknown}
 v - a scroll of enchant weapon {unknown}
 w - a scroll of blinking {unknown}
 z - a scroll of fear {unknown}
Potions
 c - 2 potions of cancellation
 e - 6 potions of lignification
 f - 2 potions of curing {unknown}
 i - a potion of heal wounds {unknown}
 l - 2 potions of berserk rage {unknown}
 o - 3 potions of might
 q - a potion of invisibility {unknown}
 r - a potion of degeneration {unknown}


   Skills:
 + Level 7.3 Fighting
 + Level 6.6 Maces & Flails
 + Level 6.8 Armour
 + Level 5.1 Dodging


You had 8 spell levels left.
You didn't know any spells.
Your spell library was empty.

Dungeon Overview and Level Annotations

Branches:
Dungeon (7/15)             Temple (0/1) D:6

Altars:
Zin

Annotations:
D:2 1 runed translucent door, Crazy Yiuf
D:4 2 runed translucent doors, r33k's ghost, amateur MiMo


Innate Abilities, Weirdness & Mutations

You are immune to sickness and miasma.
Your stone body is resilient. (AC +6)
You are immune to poison.
You resist negative energy. (rN+)
You are resistant to electric shocks. (rElec)
You are resistant to unholy torment.
You are immune to petrification.


Message History

You thump the orc priest!
The orc priest is almost dead.
You hear some strange, mumbled words.
Something tries to affect you, but you resist.
The orc priest looks satisfied for a moment.
The orc wizard completely misses you.
You're too confused to move!
You hear some strange, mumbled words.
A magic dart appears from out of thin air!
The magic dart hits you.
You feel a strong urge to attack something.
You bump into the rock wall.
You are no longer berserk.
You are exhausted.
You feel yourself slow down.
The orc wizard gestures wildly while chanting.
The orc wizard flickers and vanishes!
The orc priest invokes the aid of Beogh against you.
Beogh smites you!
* * * LOW HITPOINT WARNING * * *
Unknown command.
Really quaff the potion of lignification?
Okay, then.
You closely miss something.
An orc wizard appears from thin air!
Reactivating autopickup.
The orc wizard barely misses you. Something hits you.
* * * LOW HITPOINT WARNING * * *
Deactivating autopickup; reactivate with Ctrl-A.
The orc wizard completely misses you.
You're too confused to move!
You feel less confused. Something hits you.
* * * LOW HITPOINT WARNING * * *
The orc priest miscasts a cantrip.
The orc wizard hits you with a +0 dagger.
* * * LOW HITPOINT WARNING * * *
Something barely misses you.
The orc priest calls down the wrath of Beogh upon you.
Beogh smites you!
You die...

#....>.#..................#
#......#..................#
#......').................#
#......#)).#####)##+####..#
#......#)####.##)##..###..###
#......#)(........'.........#
#......'..........#.........#
#......#....oo....#.........#
#......#....@{....#....†....#
#......#######+####..###...##
####......)##..####..#######
#.......#...#...........
#.......#...#...........
#.......#...'...........
#.......##################
###.......................
#.......................


You could see an orc priest and an orc wizard.

Vanquished Creatures
  A wyvern (D:6)
  A water moccasin (D:7)
  2 ice beasts
  2 ogres (D:4)
  2 sky beasts (D:5)
  A necrophage (D:5)
  A centaur (D:7)
  2 bullfrogs
  2 gnoll sergeants
  A scorpion (D:6)
  A water moccasin skeleton (D:6)
  2 howler monkeys (D:5)
  4 hounds
  3 centaur skeletons
  An iguana (D:6)
  4 bullfrog skeletons
  2 orc wizards
  A killer bee zombie (D:7)
  A mummy (D:5)
  A howler monkey zombie (D:5)
  10 gnolls
  4 adders
  2 howler monkey skeletons
  4 worms
  3 dart slugs
  14 orcs
  8 endoplasms
  4 giant cockroaches
  7 goblins
  4 hobgoblins
  2 jackals (D:3)
  4 quokkas
  5 ball pythons
  4 bats
  A frilled lizard (D:2)
  8 kobolds
  2 kobold zombies (D:5)
  6 rats
127 creatures vanquished.

Notes
Turn   | Place    | Note
-------+----------+-------------------------------------------
     0 | D:1      | theElss the Gargoyle Berserker began the quest for the Orb.
     0 | D:1      | Reached XP level 1. HP: 14/14 MP: 1/1
   289 | D:1      | Reached XP level 2. HP: 17/19 MP: 2/2
  1372 | D:2      | Reached XP level 3. HP: 23/23 MP: 3/3
  1490 | D:2      | Found a runed translucent door.
  1491 | D:2      | Noticed Crazy Yiuf
  1776 | D:2      | Reached XP level 4. HP: 19/29 MP: 4/4
  1878 | D:2      | Found a faded altar of an unknown god.
  1896 | D:2      | Found a glowing silver altar of Zin.
  2330 | D:3      | Reached skill level 4 in Fighting
  2385 | D:3      | Reached ** piety under Trog
  2688 | D:3      | Reached XP level 5. HP: 33/33 MP: 5/5
  2793 | D:4      | Noticed an ogre
  2813 | D:4      | Killed an ogre
  2993 | D:4      | Found a large runed translucent door.
  2994 | D:4      | Found a large runed translucent door.
  2999 | D:4      | Reached XP level 6. HP: 39/39 MP: 6/6
  3345 | D:4      | Noticed r33k's ghost (amateur MiMo)
  3429 | D:4      | Reached skill level 5 in Fighting
  3677 | D:4      | Reached XP level 7. HP: 44/44 MP: 7/7
  3705 | D:5      | Entered Level 5 of the Dungeon
  4029 | D:5      | Reached skill level 5 in Maces & Flails
  4172 | D:5      | Reached skill level 5 in Armour
  4331 | D:5      | Reached XP level 8. HP: 39/51 MP: 8/8
  4477 | D:5      | Reached skill level 6 in Fighting
  5095 | D:6      | Noticed a wyvern
  5106 | D:6      | Killed a wyvern
  5390 | D:6      | Found a staircase to the Ecumenical Temple.
  6236 | D:7      | Reached skill level 7 in Fighting
  6236 | D:7      | Reached XP level 9. HP: 38/57 MP: 9/9
  6365 | D:7      | Reached skill level 5 in Dodging
  6379 | D:7      | Reached *** piety under Trog
  6614 | D:7      | Killed from afar by an orc priest

Illustrated notes

Levels and vault maps discovered:
D:1:      saegor_arrival_simple_d, layout_loops_ring
D:2:      layout_basic, chequers_ecumenical_altar_island, basic_altar,
          minmay_fractal_squares_gapless_5, uniq_crazy_yiuf_cottage
D:3:      layout_rooms
D:4:      layout_gridville, ebering_ghost_disaster_area
D:5:      layout_basic, nicolae_ossuary_entry_giza
D:6:      layout_basic, temple_hall_moat
D:7:      layout_gridville

Skill      XL: |  1  2  3  4  5  6  7  8  9 |
---------------+----------------------------+-----
Dodging        | 2 3 4 5 |  5.1
Armour         | 3 4 5 6 |  6.8
Fighting       | 4 5 7 |  7.3
Maces & Flails | 4 5 6 |  6.6

Action                   |  1- 3 |  4- 6 |  7- 9 || total
-------------------------+-------+-------+-------++-------
Melee: Mace              |    77 |   148 |   334 ||   559
       Punch             |     1 |       |     3 ||     4
Invok: Berserk           |     1 |     3 |     4 ||     8
       Trog's Hand       |       |       |     1 ||     1
  Use: Scroll            |       |       |     5 ||     5
Armor: Animal skin       |    11 |       |       ||    11
       Ring mail         |    24 |    74 |   231 ||   329
Dodge: Dodged            |    55 |   102 |   217 ||   374
Block: Buckler           |       |       |     9 ||     9
